 Dungeon Crawl Stone Soup version 0.28.0-53-g5a82cb258f (webtiles) character file.

Game seed: 5325304391069409391

110 GigaChad the Covered (level 4, -3/41 HPs)
             Began as a Minotaur Fighter on May 12, 2022.
             Slain by a gnoll
             ... wielding a +1 spear of freezing
              (7 damage)
             ... on level 4 of the Dungeon on June 19, 2022.
             The game lasted 00:16:48 (1708 turns).

GigaChad the Covered (Minotaur Fighter)             Turns: 1708, Time: 00:16:49

Health: -3/41      AC: 12    Str: 21    XL:     4   Next: 61%
Magic:  3/3        EV:  5    Int:  5    God:
Gold:   70         SH:  4    Dex: 11    Spells: 3/3 levels left

rFire   . . .      SeeInvis .   a - +0 long sword
rCold   . . .      Faith    .   c - +0 buckler
rNeg    . . .      Spirit   .   e - +0 plate armour
rPois   .          Reflect  .   (helmet restricted)
rElec   .          Harm     .   (no cloak)
rCorr   .          Rampage  .   (no gloves)
Will    .....                   (no boots)
Stlth   ..........              (no amulet)
HPRegen 0.13/turn               (no ring)
MPRegen 0.08/turn               (no ring)

@: no status effects
A: horns 2, retaliatory headbutt
a: no special abilities


You were on level 4 of the Dungeon.
You visited 1 branch of the dungeon, and saw 4 of its levels.

You collected 70 gold pieces.

Inventory:

Hand Weapons
 a - a +0 long sword (weapon)
 f - a +0 rapier of holy wrath
Armour
 b - a +0 scale mail
 c - a +0 buckler (worn)
 e - a +0 plate armour (worn)
 m - a +0 chain mail
Scrolls
 i - a scroll of identify {unknown}
 l - a scroll of torment {unknown}
Potions
 d - a potion of might
 g - a potion of resistance {unknown}
 j - 3 potions of haste {unknown}
 k - a potion of brilliance {unknown}


   Skills:
 + Level 4.4 Fighting
 + Level 4.0 Long Blades
 + Level 4.6 Armour
 + Level 4.2 Shields


You had 3 spell levels left.
You didn't know any spells.
Your spell library contained the following spells:

 Spells                   Type           Power      Damage    Failure   Level
 Pain                     Necr           0%         1d4       100%        1
 Dazzling Flash           Conj/Hex       0%         N/A       100%        3
 Olgreb's Toxic Radiance  Pois           0%         N/A       100%        4
 Agony                    Necr           0%         N/A       100%        5
 Excruciating Wounds      Necr           0%         N/A       100%        5
 Silence                  Hex/Air        0%         N/A       100%        5
 Ozocubu's Refrigeration  Ice            0%         4d5       100%        7
 Ignition                 Fire           0%         3d3       100%        8


Dungeon Overview and Level Annotations

Branches:
Dungeon (4/15)
 Temple: D:4-7

Altars:
Fedhas

Shops:
D:4 ?


Innate Abilities, Weirdness & Mutations

You have a pair of horns on your head.
You reflexively headbutt those who attack you in melee.


Message History

The gnoll shouts!
Your headbutt misses the hobgoblin.
The hobgoblin is lightly wounded.
You hear a shout!
The hobgoblin hits you.
A gnoll comes into view. It is wielding a +1 spear of freezing.
You slash the hobgoblin!
You kill the hobgoblin!
The gnoll hits you but does no damage.
You see here 20 gold pieces.
You slash the gnoll! You headbutt the gnoll.
You kill the gnoll!
Your Long Blades skill increases to level 4!
The gnoll hits you but does no damage.
The gnoll hits you from afar with a +1 spear of freezing.
The gnoll freezes you. You block the gnoll's attack.
Things that are here:
a +0 club; a gnoll corpse You closely miss the gnoll.
The gnoll hits you with a +0 club. You block the gnoll's attack.
The gnoll hits you but does no damage. x2
You closely miss the gnoll. Your headbutt misses the gnoll.
You block the gnoll's attack. The gnoll hits you with a +0 whip.
The gnoll hits you but does no damage.
You closely miss the gnoll.
The gnoll hits you but does no damage. x3
You closely miss the gnoll. You block the gnoll's attack.
The gnoll hits you from afar with a +1 spear of freezing.
The gnoll freezes you. You block the gnoll's attack.
You slash the gnoll!
The gnoll is severely wounded.
The gnoll hits you from afar with a +1 spear of freezing.
The gnoll freezes you. The gnoll completely misses you.
The gnoll hits you with a +0 club. The gnoll hits you with a +0 whip.
* * * LOW HITPOINT WARNING * * *
The gnoll barely misses you. The gnoll hits you but does no damage.
You slash the gnoll!
You kill the gnoll!
The gnoll hits you with a +0 whip.
* * * LOW HITPOINT WARNING * * *
The gnoll hits you from afar with a +1 spear of freezing!
You die...

.......### .........#
.........#### ..#
.........#..#...#
............#..#
.≈≈≈.g.........##
≈≈≈≈≈≈.g.........
≈≈≈≈≈≈≈@).....# #
≈≈≈≈≈≈≈≈$.....#.# .#
≈♣<.≈≈≈≈...#....##..#.
...♣.≈≈≈≈............ .
#..≈≈≈≈.♣_..≈≈≈≈...##.....# ..
#..≈≈≈≈♣.P.♣≈≈≈≈.......#..#...
#...≈≈≈≈♣>.≈≈≈≈.....##........
#...≈≈≈≈≈≈≈≈≈≈≈...............
....≈≈≈≈≈≈≈≈≈......#...#.....


You could see 2 gnolls.

Vanquished Creatures
  Terence (D:2)
  An iguana (D:3)
  2 gnolls (D:4)
  An adder (D:3)
  A worm (D:3)
  2 dart slugs
  An orc (D:3)
  An endoplasm (D:1)
  A goblin (D:1)
  4 hobgoblins
  2 jackals (D:4)
  4 kobolds
  5 ball pythons
  2 bats
  3 frilled lizards
  9 rats
40 creatures vanquished.

Notes
Turn   | Place    | Note
-------+----------+-------------------------------------------
     0 | D:1      | GigaChad the Minotaur Fighter began the quest for the Orb.
     0 | D:1      | Reached XP level 1. HP: 19/19 MP: 0/0
   165 | D:1      | Reached XP level 2. HP: 27/27 MP: 1/1
   165 | D:1      | Upgraded the game from 0.28.0-49-g6dfe1f597d to
                  | 0.28.0-53-g5a82cb258f
   608 | D:2      | Noticed Terence
   623 | D:2      | Killed Terence
   624 | D:2      | Reached XP level 3. HP: 14/33 MP: 2/2
  1445 | D:3      | Reached XP level 4. HP: 38/41 MP: 3/3
  1649 | D:4      | Found a blossoming altar of Fedhas.
  1681 | D:4      | Found Zawnof's Magic Scroll Boutique.
  1708 | D:4      | Slain by a gnoll

Illustrated notes

Levels and vault maps discovered:
D:1:      dpeg_arrival_boxorama, layout_rooms, minmay_pentomino_r4
D:2:      layout_basic, supply_closet_lemuel, uniq_terence
D:3:      layout_rooms, minmay_shallow_snake_nest
D:4:      layout_cave_pools, fedhas_ov_isle_minmay, serial_shops,
          nicolae_shop_advertising_works [nicolae_subvault_shop_adworks],
          serial_column_ruins, column_ruins_grid_1, column_ruins_grid_1,
          column_ruins_columns_dead_end, column_ruins_grid_1,
          column_ruins_open_tiny, gup_sewer_entry_bubbles

Skill      XL: |  1  2  3  4 |
---------------+-------------+-----
Fighting       | 4 |  4.4
Armour         | 4 |  4.6
Shields        | 4 |  4.2
Long Blades    | 3 4 |  4.0

Action                   |  1- 3 |  4- 6 || total
-------------------------+-------+-------++-------
Melee: Long sword        |    74 |    32 ||   106
       Headbutt          |    10 |     5 ||    15
  Use: Scroll            |       |     1 ||     1
Armor: Plate armour      |    46 |    42 ||    88
       Scale mail        |     1 |       ||     1
Dodge: Dodged            |    23 |    13 ||    36
Block: Buckler           |    13 |    14 ||    27
